AoeStats
← c0912105532

Arena

507676554Analyzed
2v2 RM · 12d ago on Sep 19, 2026· 49m 14s· 4 players
Game mode
Random Map
Map size
Medium (4 player)
Population
200
Speed
Normal
Resources
Standard
Victory
Conquest
Starting age
Dark Age
Ending age
Imperial Age
RankedLock teamsTeams togetherTeam positionsShared explorationLock speedFull tech treeHidden civsTurbo modeCheats
Victory
Defeat
🇦🇷 Persians · Argentina
1253
+17
🇬🇧 Franks · United Kingdom
1169
+21
🇹🇼 Britons · Taiwan
1289
-19
🇹🇼 Persians · Taiwan
1265
-19
elPreto
10:25 Feudal Age
14:51 Castle Age
13:06 Double-Bit Axe
13:16 Horse Collar
18:39 Scale Barding Armor
21:36 Town Watch
22:43 Wheelbarrow
22:33 Bow Saw
22:25 Heavy Plow
22:44 Stone Mining
24:33 Loom
25:47 Hand Cart
26:54 Stone Shaft Mining
27:03 Gold Mining
27:35 Masonry
28:18 Chain Barding Armor
28:08 Forging
30:57 Imperial Age
29:15 Gold Shaft Mining
30:25 Bloodlines
30:16 Husbandry
30:27 Devotion
31:38 Iron Casting
31:38 Conscription
30:56 Elite War Elephant
32:14 Plate Barding Armor
32:55 Two-Man Saw
33:47 Crop Rotation
34:40 Faith
35:22 Blast Furnace
34:13 Fletching
35:39 Architecture
36:11 Chemistry
36:15 Kamandaran
36:12 Crossbowman
36:57 Thumb Ring
38:13 Hoardings
37:40 Bodkin Arrow
37:45 Padded Archer Armor
42:14 Citadels
42:36 Leather Archer Armor
49:39 Ring Archer Armor
ageofcardiff
11:22 Feudal Age
13:01 Double-Bit Axe
15:19 Castle Age
16:11 Bow Saw
22:41 Wheelbarrow
21:53 Loom
27:27 Imperial Age
25:19 Gold Mining
26:07 Hand Cart
25:39 Town Watch
26:53 Gold Shaft Mining
26:09 Pikeman
27:53 Forging
27:43 Scale Mail Armor
29:08 Chemistry
28:16 Stone Mining
27:50 Halberdier
29:03 Squires
29:41 Iron Casting
29:21 Scale Barding Armor
29:33 Chain Mail Armor
28:45 Elite Skirmisher
30:46 Conscription
31:59 Blast Furnace
30:47 Arson
35:33 Cavalier
36:49 Plate Mail Armor
36:24 Scale Barding Armor
37:59 Fletching
38:09 Padded Archer Armor
39:01 Husbandry
39:12 Paladin
40:27 Chain Barding Armor
41:59 Plate Barding Armor
42:47 Bodkin Arrow
47:32 Town Patrol
47:04 Capped Ram
48:42 Fortified Wall
48:53 Ballistics
48:46 Fortified Wall
48:42 Siege Engineers
48:57 Leather Archer Armor
c0912105532
10:29 Feudal Age
12:00 Double-Bit Axe
14:20 Castle Age
12:53 Horse Collar
15:10 Bow Saw
19:30 Heavy Plow
21:55 Wheelbarrow
21:06 Loom
23:38 Hand Cart
25:02 Gold Mining
25:02 Stone Mining
29:45 Imperial Age
28:00 Town Watch
28:23 Scale Barding Armor
28:28 Forging
29:47 Chain Barding Armor
29:40 Bloodlines
29:30 Husbandry
30:08 Husbandry
29:51 Cavalier
30:59 Conscription
31:30 Iron Casting
31:33 Plate Barding Armor
31:33 Savar
33:24 Two-Man Saw
33:53 Iron Casting
34:46 Thumb Ring
35:07 Parthian Tactics
34:51 Fletching
38:22 Blast Furnace
37:50 Pikeman
39:16 Gambesons
39:31 Squires
39:16 Arson
39:15 Halberdier
40:11 Scale Mail Armor
41:07 Chain Mail Armor
43:03 Plate Mail Armor
櫻道花炎
10:32 Feudal Age
14:29 Castle Age
12:29 Double-Bit Axe
13:02 Loom
13:37 Horse Collar
16:15 Fletching
17:06 Padded Archer Armor
17:44 Wheelbarrow
20:22 Bow Saw
21:37 Fletching
28:47 Imperial Age
26:13 Gold Mining
26:44 Scale Mail Armor
27:04 Town Watch
27:32 Heavy Plow
28:07 Chain Mail Armor
27:48 Bodkin Arrow
27:44 Pikeman
28:25 Squires
28:10 Arson
29:31 Forging
29:35 Bracer
30:06 Ballistics
30:24 Conscription
32:09 Chemistry
31:51 Plate Mail Armor
31:23 Padded Archer Armor
32:42 Iron Casting
34:31 Blast Furnace
33:10 Halberdier
33:51 Treadmill Crane
35:05 Leather Archer Armor
35:49 Elite Longbowman
38:46 Yeomen
39:13 Ring Archer Armor
40:18 Warwolf
41:02 Warwolf
42:11 Scale Barding Armor
43:33 Two-Man Saw
43:08 Murder Holes
Connection lost

Rejoining the realm…

Still unreachable

The connection could not be restored.

Session expired

The server has moved on; the page needs a fresh start.